 Dungeon Crawl Stone Soup version 0.24-a0-487-g57318f2ed0 (webtiles) character file.

Game seed: 8019555368290332503

0 Gargoyl the Skirmisher (level 1, -21/19 HPs)
             Began as a Centaur Abyssal Knight on July 10, 2019.
             Was a Follower of Lugonu.
             Killed from afar by a rakshasa (35 damage)
             ... with an orb of energy
             ... on level 3 of the Abyss.
             The game lasted 00:00:27 (115 turns).

Gargoyl the Skirmisher (Centaur Abyssal Knight)      Turns: 115, Time: 00:00:27

Health: -21/19     AC:  5    Str: 14    XL:     1   Next: 0%
Magic:  2/2        EV:  9    Int: 11    God:    Lugonu [*.....]
Gold:   25         SH:  0    Dex:  8    Spells: 0/0 levels left

rFire    . . .     SeeInvis .   a - +1 hand axe
rCold    . . .     Gourm    .   (no shield)
rNeg     . . .     Faith    .   b - +1 leather armour
rPois    .         Spirit   .   (no helmet)
rElec    .         Reflect  .   (no cloak)
rCorr    .         Harm     .   (no gloves)
MR       .....                  (no barding)
Stlth    ..........             (no amulet)
HPRegen  0.06/turn              (no ring)
MPRegen  0.08/turn              (no ring)

@: about to teleport, very quick
A: large, hooves 3, deformed body, speed 2, tough skin 3
a: Depart the Abyss, Renounce Religion


You were on level 3 of the Abyss.
You worshipped Lugonu.
Lugonu was aware of your devotion.
You were not hungry.

You visited 0 branches of the dungeon, and saw 0 of its levels.
You visited the Abyss 1 time.

You collected 25 gold pieces.

Inventory:

Hand Weapons
 a - a +1 hand axe (weapon)
Armour
 b - a +1 leather armour (worn)
Comestibles
 c - 2 rations


   Skills:
 + Level 3.0 Fighting
 + Level 1.7 Axes
 + Level 1.3 Armour
 + Level 0.6 Dodging
 + Level 2.0 Invocations


You couldn't memorise any spells.
You didn't know any spells.
Your spell library was empty.

Dungeon Overview and Level Annotations

Branches:
Dungeon (0/15)

Altars:


Innate Abilities, Weirdness & Mutations

You have hooves in place of feet.
Armour fits poorly on your strangely shaped body.
You cover ground very quickly.
You have extremely tough skin. (AC +3)


Message History

The blink frog blinks! x2
The blink frog blinks!
Found a gateway leading deeper into the Abyss.
You are suddenly pulled into a different region of the Abyss!
Found a scroll labeled ZARUAR WATUUGH.
Found a corrupted altar of Lugonu.
A rakshasa comes into view. It is wielding a +0 trident.
e - a scroll labeled ZARUAR WATUUGH
There are no items here.
As you read the scroll labeled ZARUAR WATUUGH, it crumbles to dust.
It is a scroll of identify.
You don't have any unidentified items.
The rakshasa gestures at you. The orb of energy misses you.
As you read the scroll of teleportation, it crumbles to dust.
You feel strangely unstable.
You feel the power of the Abyss delaying your translocation!
The rakshasa gestures at you. The orb of energy hits you!!
Ouch! That really hurt!
You die...

...#.#
...≈≈≈≈#≈≈ .. ≈
≈≈≈≈.≈≈≈≈≈≈##
≈#≈≈...≈.#≈≈≈
.≈≈≈≈≈≈≈≈≈#
#≈≈≈##..≈
###≈##..#
#..#.#@.#
#..#....#.....#
#§####...#.#...#
R .R.....#. ..#
#..#.##.##.. #..
..#..# ##..### #
. #.. ... ....
.#_# ..# #.#.


You could see a rakshasa.

Vanquished Creatures (others)
  A lurking horror (Abyss:1)
1 creature vanquished.

Notes
Turn   | Place    | Note
-------+----------+-------------------------------------------
     0 | Abyss:1  | Gargoyl the Centaur Abyssal Knight began the quest for the
                  | Orb.
     0 | Abyss:1  | Reached XP level 1. HP: 19/19 MP: 2/2
    52 | Abyss:1  | Noticed a small abomination
    62 | Abyss:1  | Noticed a ynoxinul
    97 | Abyss:3  | Found a corrupted altar of Lugonu.
    97 | Abyss:3  | Noticed a blink frog
    97 | Abyss:3  | Noticed a blink frog
    97 | Abyss:3  | Noticed a merfolk avatar
    97 | Abyss:3  | Noticed a blink frog
    97 | Abyss:3  | Noticed a blink frog
   107 | Abyss:3  | Found a corrupted altar of Lugonu.
   108 | Abyss:3  | Noticed a rakshasa
   115 | Abyss:3  | Killed from afar by a rakshasa

Levels and vault maps discovered:
Abyss:3:  evilmike_abyss_exit_chaos, hangedman_decor_riveting,
          evilmike_abyss_rune_siren_acolytes, minivault_23

Action                   || total
-------------------------++-------
  Use: Scroll            ||     5
Dodge: Dodged            ||     1

Table legend:
 A = Non-vault XP
 B = Vault XP
 C = Vault XP percentage of total XP
 D = Non-vault monster count
 E = Vault monster count
 F = Vault count percentage of total count
                 A         B        C        D         E       F
            +---------+---------+-------+---------+---------+-------
      Total |       0 |       0 |   N/A |       0 |       0 |  -nan
            +---------+---------+-------+---------+---------+-------
            +---------+---------+-------+---------+---------+-------
